AoeStats
← Imperio Argentino

Arena

508301065Analyzed
1v1 RM · 10d ago on Sep 21, 2026· 29m 38s· 2 players
Game mode
Random Map
Map size
Tiny (2 player)
Population
200
Speed
Normal
Resources
Standard
Victory
Conquest
Starting age
Dark Age
Ending age
Imperial Age
RankedLock teamsTeams togetherTeam positionsShared explorationLock speedFull tech treeHidden civsTurbo modeCheats
Victory
Defeat
🇸🇰 Inca · Slovakia
817
+14
🇦🇷 Huns · Argentina
784
-14
Imperio Argentino
2:13 Loom
13:03 Feudal Age
14:21 Wheelbarrow
14:00 Horse Collar
14:12 Gold Mining
14:14 Stone Mining
15:48 Double-Bit Axe
17:14 Man-at-Arms
22:19 Castle Age
22:51 Forging
22:46 Scale Barding Armor
23:51 Hand Cart
24:22 Town Watch
25:13 Murder Holes
vladSVK
12:45 Feudal Age
14:16 Loom
17:06 Castle Age
15:22 Champi Runner
16:30 Fletching
19:12 Forging
24:16 Double-Bit Axe
24:13 Horse Collar
27:35 Bow Saw
27:31 Heavy Plow
28:33 Crossbowman
Connection lost

Rejoining the realm…

Still unreachable

The connection could not be restored.

Session expired

The server has moved on; the page needs a fresh start.